 Dungeon Crawl Stone Soup version 0.31-a0-180-g519b7de00c (webtiles) character file.

Game seed: 6026114634707705959

67 Moral the Ducker (level 3, -3/17 HPs)
             Began as a Felid Fighter on June 20, 2023.
             Slain by an orc
             ... wielding a +0 whip
              (4 damage)
             ... on level 3 of the Dungeon.
             The game lasted 00:02:34 (1704 turns).

Moral the Ducker (Felid Fighter)                    Turns: 1704, Time: 00:02:35

Health: -3/17      AC:  1    Str: 14    XL:     3   Next: 98%
Magic:  4/4        EV: 34    Int:  9    God:
Gold:   151        SH:  0    Dex: 15    Spells: 2/2 levels left
                                        Lives:  0   Deaths: 0

rFire   . .          .
                       - Unarmed
rCold   . . .        (shield unavailable)
rNeg    . . .        (body armour unavailable)
rPois   .            (helmet unavailable)
rElec   .            (cloak unavailable)
rCorr   +            (gloves unavailable)
SInv    +            (boots unavailable)
Will    .....        h - amulet of the acrobat
Stlth   ++           c - ring of resist corrosion
HPRegen 0.22/turn    (no ring)
MPRegen 0.09/turn

%: acrobat
@: acrobatic, quick
A: very small, claws 1, fangs 3, see invisible, speed 1, shaggy fur 1, stealthy
paws, no weapons or thrown items, no armour, multi-lived
a: no special abilities


You were on level 3 of the Dungeon.
You visited 1 branch of the dungeon, and saw 3 of its levels.

You collected 151 gold pieces.

Inventory:

Jewellery
 c - a ring of resist corrosion (left paw)
 h - an amulet of the acrobat (around neck)
Scrolls
 d - a scroll of enchant armour {unknown}
 f - a scroll of teleportation {unknown}
Potions
 a - 2 potions of might
 b - a potion of mutation {unknown}
 e - a potion of attraction {unknown}
 g - a potion of enlightenment {unknown}


   Skills:
 + Level 3.5 Fighting
 + Level 4.7 Dodging
 + Level 2.2 Stealth
 + Level 4.4 Unarmed Combat


You had 2 spell levels left.
You didn't know any spells.
Your spell library contained the following spells:

 Spells                   Type           Power      Damage    Failure   Level
 Ensorcelled Hibernation  Hex/Ice        0%         N/A       52%         2
 Lesser Beckoning         Tloc           0%         N/A       52%         2
 Gell's Gravitas          Tloc           0%         N/A       77%         3
 Spider Form              Tmut/Pois      0%         N/A       77%         3
 Teleport Other           Tloc           0%         N/A       77%         3
 Anguish                  Hex/Necr       0%         N/A       99%         4
 Summon Forest            Summ/Tloc      0%         N/A       100%        5
 Eringya's Noxious Bog    Tmut/Pois      0%         N/A       100%        6
 Summon Hydra             Summ           0%         N/A       100%        7


Dungeon Overview and Level Annotations

Branches:
Dungeon (3/15)

Altars:

Shops:
D:2 *


Innate Abilities, Weirdness & Mutations

You have sharp claws.
You have razor-sharp teeth.
You have supernaturally acute eyesight. (SInv)
You cover ground quickly. (Speed+)
You are covered in fur. (AC +1)
Your paws help you pounce on unaware monsters.
You are incapable of wielding weapons or throwing items.
You cannot wear armour.
You gain extra lives every three experience levels.


Message History

You closely miss the adder. Your claw misses the adder.
Your bite misses the adder. The adder barely misses you.
You closely miss the adder. The adder bites you. The adder misses you.
You scratch the adder.
The adder is severely wounded.
The adder misses you.
You scratch the adder.
You kill the adder!
No target in view!
You see here an adder corpse.
Done exploring.
Done exploring.
Done exploring.
Done exploring.
No target in view!
You see here an adder corpse.
There is an open door here.
There is an escape hatch in the floor here.
You can't go up here!
You slide downwards.
The hatch slams shut behind you.
Found a scale mail.
A hobgoblin comes into view.
A hobgoblin is nearby!
An orc comes into view. It is wielding a +0 whip.
The orc shouts!
You hear a shout! x2; You hear an angry hiss.
An orc comes into view. It is wielding a +0 short sword.
A kobold comes into view. It is wielding a +0 whip.
An orc priest comes into view. It is wielding a +0 flail.
The orc priest shouts!
The orc shouts!
The hobgoblin shouts!
The orc priest calls down the wrath of Beogh upon you.
Pain shoots through your body!
You hear a shout!
You claw the hobgoblin!
You kill the hobgoblin!
The orc priest calls down the wrath of Beogh upon you.
Beogh smites you!
Ouch! That really hurt!
* * * LOW HITPOINT WARNING * * *
The orc hits you with a +0 whip.
You die...

######## ......#.
.##
...#....#######...
#...K.....#....#
#..o#.#.#.#.#
#oo@...#...#
#..###.....# ....
##...## .#.# ##.##
#. #.###.#### #
#.......#
#.###.##.##
#.##..# #.###.#


You could see an orc priest, 2 orcs and a kobold.

Vanquished Creatures
  2 adders (D:2)
  A worm (D:2)
  2 dart slugs (D:1)
  4 endoplasms
  3 giant cockroaches
  5 goblins
  5 hobgoblins
  2 quokkas (D:2)
  A bat (D:1)
  3 frilled lizards (D:1)
  7 kobolds
  3 rats
38 creatures vanquished.

Notes
Turn   | Place    | Note
-------+----------+-------------------------------------------
     0 | D:1      | Moral the Felid Fighter began the quest for the Orb.
     0 | D:1      | Reached XP level 1. HP: 10/10 MP: 2/2
   182 | D:1      | Reached skill level 1 in Stealth
   182 | D:1      | Reached XP level 2. HP: 8/14 MP: 3/3
   922 | D:2      | Reached XP level 3. HP: 17/17 MP: 4/4
  1207 | D:2      | Found Vuutoep's General Store.
  1704 | D:3      | Slain by an orc

Illustrated notes

Levels and vault maps discovered:
D:1:      minmay_arrival_semitransparent, layout_basic
D:2:      layout_loops_corners, serial_shops, shop
D:3:      layout_loops_ring, grunt_ministairs_1, uniq_crazy_yiuf_cottage

Skill      XL: |  1  2  3 |
---------------+----------+-----
Stealth        | 1 2 |  2.2
Fighting       | |  3.5
Dodging        | |  4.7
Unarmed Combat | |  4.4

Action                     || total
---------------------------++-------
  Melee: Unarmed           ||    73
         Bite              ||    14
         Punch             ||     3
   Stab: Sleeping          ||     5
 Armour: Skin              ||     2
  Dodge: Dodged            ||    40

Table legend: (Time is in decaauts)
 A = Elapsed time spent in this place.
 B = Non-inter-level travel time spent in this place.
 C = Inter-level travel time spent in this place.
 D = Time resting spent in this place.
 E = Time spent auto-exploring this place.
 F = Levels seen in this place.
 G = Mean time per level.
                   A        B        C        D        E       F      G
               +--------+--------+--------+--------+--------+-----+--------+
         Total |   1401 |   1325 |     76 |      0 |   1115 |   3 |  467.0 |
       Dungeon |   1401 |   1325 |     76 |      0 |   1115 |   3 |  467.0 |
               +--------+--------+--------+--------+--------+-----+--------+

Top non-repeatable levels by time:
     D:2: 732 daAuts
     D:1: 642 daAuts
     D:3: 25 daAuts
